Map: Mech Depot LE

Players

soul

  • Race: Terran Terran
  • Spawn Location: 7:00

MaNa - Winner!

  • Race: Protoss Protoss
  • Spawn Location: 1:00

Event: WCS Montreal 2017

VOD

Have the link to the VOD?

Description

Time

  • Played on: Sept. 8, 2017, 3:50 p.m.
  • Length: 12:07

All games in this series

Show
View Real Time Build Order
Export as new Build Order

soul Terran 

Build Orders: Gas First Reaper Expand, Reaper Expand, MMM Bio 

Get SALT Encoding   

  12  0:00  SCV  
  13  0:12  SCV  
  14  0:18  Supply Depot  
  14  0:25  SCV  
  14  0:27  Refinery  
  15  0:39  SCV  
  16  0:44  Barracks  
  16  0:51  SCV  
  17  1:03  SCV  
  18  1:15  SCV  
  19  1:32  Orbital Command, Reaper  
  20  1:51  Command Center  
  20  1:59  Factory  
  20  2:00  SCV  
  21  2:10  Barracks Reactor  
  21  2:11  Supply Depot  
  21  2:15  SCV  
  22  2:21  Refinery  
  22  2:27  SCV  
  23  2:39  SCV  
  24  2:47  Starport, Marine x2  
  24  2:50  Widow Mine  
  28  2:51  SCV  
  29  3:06  Marine x2  
  29  3:07  Orbital Command  
  29  3:08  SCV  
  32  3:20  SCV  
  32  3:24  Medivac, Marine  
  36  3:29  Orbital Command  
  36  3:30  Marine, Widow Mine  
  36  3:32  SCV  
  40  3:41  Marine  
  40  3:44  SCV  
  40  3:47  Supply Depot  
  40  3:48  Marine  
  40  3:54  Viking, SCV  
  43  3:56  SCV  
  43  4:00  Widow Mine  
  46  4:08  Supply Depot, Marine x2  
  46  4:09  SCV x2  
  50  4:21  SCV x2  
  52  4:24  Viking  
  52  4:29  Marine  
  55  4:33  SCV x2  
  56  4:41  Barracks  
  56  4:42  Barracks, Marine  
  56  4:45  SCV x2  
  59  4:48  Factory Tech Lab  
  59  4:51  Bunker  
  59  4:52  Marine  
  60  4:55  Supply Depot  
  60  4:57  SCV x2  
  62  5:16  Marine, SCV x2  
  62  5:18  Supply Depot  
  62  5:19  Command Center  
  64  5:27  Marine  
  65  5:29  SCV x2  
  65  5:31  Starport Reactor, Barracks Tech Lab  
  63  5:37  Supply Depot  
  63  5:38  Factory Reactor  
  63  5:40  Supply Depot  
  63  5:41  Marine, SCV, Stimpack  
  65  5:44  Marine x2  
  65  5:45  SCV  
  65  5:52  Refinery  
  65  5:53  SCV, Refinery  
  66  5:58  Combat Shields  
  66  5:59  Barracks, Marine  
  66  6:00  Barracks  
  66  6:03  SCV  
  68  6:05  SCV  
  68  6:06  Marine  
  68  6:07  Marauder  
  68  6:11  Medivac x2  
  72  6:12  Marine  
  72  6:15  SCV  
  72  6:17  Widow Mine x2  
  80  6:19  SCV  
  80  6:23  Supply Depot  
  81  6:25  Marine  
  81  6:27  Supply Depot, SCV  
  81  6:31  Orbital Command  
  83  6:34  Marauder  
  83  6:37  Marine  
  83  6:38  Marauder  
  88  6:43  Marine  
  88  6:45  SCV, Widow Mine  
  92  6:50  Barracks Reactor, Barracks Tech Lab  
  92  6:52  Medivac x2  
  96  6:55  Marauder  
  96  6:56  Marine  
  96  6:59  Marauder  
  101  7:01  Supply Depot  
  101  7:03  Supply Depot  
  101  7:04  SCV  
  102  7:11  Engineering Bay  
  102  7:12  Engineering Bay  
  102  7:13  Widow Mine  
  102  7:14  SCV, Widow Mine  
  107  7:18  SCV  
  107  7:19  Liberator  
  107  7:20  Liberator  
  102  7:24  Orbital Command, Marine, Marauder  
  102  7:26  Marine, SCV  
  109  7:30  Marine  
  113  7:42  Concussive Shells  
  114  7:46  Marine  
  114  7:47  SCV, Marauder  
  114  7:50  Terran Infantry Weapons Level 1  
  114  7:51  SCV, Missile Turret  
  121  7:53  Terran Infantry Armor Level 1  
  121  7:54  SCV  
  121  7:56  Marauder  
  118  7:59  SCV  
  118  8:04  Liberator  
  119  8:06  Supply Depot  
  119  8:07  Armory, Widow Mine x2  
  119  8:08  Liberator  
  119  8:09  Marine  
  119  8:11  Marauder  
  126  8:13  SCV  
  126  8:15  Marine, Marauder  
  136  8:27  Marine  
  136  8:28  Marauder  
  136  8:30  Marine  
  136  8:33  Marine, Marauder  
  141  8:36  Marauder  
  143  8:44  Refinery  
  143  8:46  Supply Depot  
  143  8:47  Marine  
  142  8:49  Command Center, Marauder  
  144  9:00  Starport, Fusion Core  
  144  9:01  Barracks  
  145  9:02  SCV  
  145  9:03  SCV  
  145  9:04  Barracks  
  145  9:05  Refinery  
  145  9:06  SCV  
  145  9:07  Marauder  
  145  9:08  Marine x2, Marauder  
  153  9:12  Marauder  
  153  9:15  SCV  
  156  9:21  Liberator x2  
  152  9:25  Marine  
  152  9:30  Marine, Marauder  
  134  9:34  Marine  
  134  9:37  Marine, Marauder  
  117  9:39  Marauder  
  117  9:43  Marine  
  120  9:48  Marine  
  120  9:51  Marine  
  120  9:52  Marauder  
  119  9:59  Marine, Marauder  
  105  10:00  Marauder  
  105  10:04  Liberator  
  107  10:13  Marauder  
  109  10:16  Planetary Fortress  
  109  10:17  Marine  
  112  10:25  Medivac  
  112  10:26  Marine  
  112  10:28  Marine  
  112  10:33  SCV x2  
  112  10:34  Marine, Marauder  
  117  10:41  Starport Tech Lab  
  117  10:42  SCV  
  118  10:45  SCV  
  118  10:46  SCV  
  120  10:50  Refinery  
  120  10:57  Marine, Marauder  
  120  10:58  Orbital Command, Marine, SCV x2, Marauder  
  120  11:00  Medivac  
  120  11:02  Marine, Marauder  
  115  11:05  Marine  
  115  11:07  Marine  
  115  11:11  Medivac x2  
  119  11:17  Marine  
  120  11:19  Marauder x2  
  120  11:23  Marauder  
  120  11:24  SCV x2  
  120  11:25  SCV  
  127  11:34  Medivac  
  127  11:36  SCV x2  
  127  11:37  SCV  
  136  11:48  SCV x2  
  136  11:49  SCV  
Show
View Real Time Build Order
Export as new Build Order

MaNa Protoss - Winner!

Build Orders: Oracle Opening 

Get SALT Encoding   

  12  0:00  Probe (Chrono Boost)  
  13  0:11  Probe (Chrono Boost)  
  14  0:18  Pylon  
  14  0:22  Probe (Chrono Boost)  
  15  0:36  Probe (Chrono Boost), Gateway  
  16  0:46  Probe (Chrono Boost)  
  16  0:48  Assimilator  
  17  0:57  Probe (Chrono Boost)  
  17  0:58  Assimilator  
  18  1:08  Probe (Chrono Boost)  
  20  1:18  Probe (Chrono Boost)  
  20  1:25  Cybernetics Core  
  20  1:29  Probe (Chrono Boost)  
  20  1:32  Pylon  
  21  1:39  Probe (Chrono Boost)  
  22  1:50  Probe (Chrono Boost)  
  23  1:57  Nexus  
  23  2:04  Stargate  
  23  2:09  Adept (Chrono Boost)  
  23  2:12  Probe  
  26  2:19  Warp Gate  
  26  2:24  Probe (Chrono Boost)  
  26  2:26  Pylon  
  27  2:35  Adept  
  27  2:36  Probe (Chrono Boost)  
  30  2:46  Probe (Chrono Boost)  
  30  2:48  Oracle (Chrono Boost)  
  34  2:58  Probe  
  35  3:03  Adept  
  37  3:08  Probe  
  37  3:10  Probe  
  38  3:22  Probe, Oracle (Chrono Boost)  
  38  3:23  Probe (Chrono Boost)  
  43  3:34  Probe (Chrono Boost)  
  42  3:35  Probe (Chrono Boost)  
  43  3:45  Probe (Chrono Boost)  
  44  3:49  Probe (Chrono Boost)  
  44  3:53  Gateway  
  44  3:54  Gateway  
  44  3:55  Probe (Chrono Boost), Oracle  
  46  4:05  Probe (Chrono Boost), Pylon  
  46  4:06  Probe (Chrono Boost)  
  48  4:16  Probe (Chrono Boost)  
  49  4:22  Probe (Chrono Boost)  
  50  4:25  Nexus  
  50  4:26  Probe (Chrono Boost)  
  50  4:29  Pylon  
  51  4:31  Phoenix (Chrono Boost)  
  53  4:39  Probe, Mothership Core  
  53  4:44  Assimilator  
  53  4:45  Assimilator, Pylon  
  56  4:53  Phoenix (Chrono Boost)  
  56  4:57  Probe  
  56  4:58  Probe  
  60  5:09  Probe  
  60  5:10  Probe, Stalker, Adept x2  
  68  5:16  Phoenix (Chrono Boost)  
  68  5:20  Probe  
  68  5:21  Probe  
  72  5:31  Probe  
  72  5:33  Probe  
  74  5:38  Phoenix (Chrono Boost)  
  74  5:39  Probe, Forge  
  74  5:40  Twilight Council  
  74  5:41  Probe  
  77  5:45  Probe  
  77  5:49  Probe  
  79  5:52  Probe  
  80  5:57  Probe  
  80  5:59  Protoss Ground Armor Level 1  
  80  6:00  Probe  
  80  6:01  Phoenix (Chrono Boost)  
  80  6:03  Probe  
  84  6:05  Gateway  
  84  6:07  Gateway  
  84  6:09  Probe  
  84  6:10  Probe  
  86  6:14  Probe  
  86  6:16  Charge (Chrono Boost)  
  88  6:19  Gateway  
  88  6:20  Gateway  
  88  6:26  Phoenix, Gateway  
  88  6:31  Probe  
  90  6:33  Probe x2  
  90  6:35  Pylon  
  90  6:37  Pylon  
  93  6:44  Pylon  
  93  6:47  Templar Archives  
  93  6:48  Pylon  
  93  6:49  Pylon  
  93  6:53  Phoenix  
  95  6:55  Sentry  
  95  6:56  Sentry  
  95  6:57  Zealot  
  95  7:00  Assimilator x2  
  101  7:03  Probe  
  101  7:04  Probe, Photon Cannon  
  101  7:07  Pylon  
  103  7:23  Phoenix  
  103  7:26  Zealot x3  
  111  7:34  Probe x2  
  113  7:37  Forge  
  113  7:48  Nexus, Pylon  
  114  7:58  Probe x2  
  114  8:00  High Templar x4, Zealot x2  
  114  8:01  Zealot x2  
  130  8:06  Archon x2  
  130  8:10  Protoss Ground Armor Level 2 (Chrono Boost), Protoss Shields Level 1 (Chrono Boost)  
  130  8:23  Zealot x4  
  138  8:29  Probe x2  
  138  8:31  Pylon  
  140  8:34  Zealot x2  
  140  8:35  Zealot x2  
  145  8:47  High Templar  
  145  8:48  High Templar  
  149  8:51  High Templar x2  
  149  8:52  Archon  
  149  8:53  Gateway  
  149  8:55  Pylon  
  153  8:56  Archon, Pylon  
  153  8:58  Robotics Facility  
  153  8:59  Photon Cannon  
  153  9:01  Photon Cannon, Pylon  
  153  9:12  Gateway  
  153  9:14  Gateway  
  153  9:16  Gateway  
  152  9:17  Zealot x4  
  130  9:32  Zealot x3  
  130  9:33  Zealot  
  130  9:37  Phoenix  
  124  9:40  Probe  
  123  9:47  Warp Prism  
  125  9:59  High Templar  
  115  10:00  High Templar x5, Probe  
  115  10:01  Zealot x2  
  115  10:02  Probe x2  
  115  10:05  Archon x2  
  115  10:06  Archon  
  132  10:10  Assimilator  
  132  10:11  Assimilator  
  128  10:23  Observer (Chrono Boost)  
  125  10:35  Zealot x8  
  141  10:44  Observer (Chrono Boost)  
  142  10:55  Zealot  
  142  10:56  Zealot x11  
  164  11:03  Observer (Chrono Boost)  
  161  11:12  Probe x2  
  161  11:13  Probe x2  
  161  11:18  Stalker x6, Robotics Bay  
  175  11:22  Observer (Chrono Boost)  
  176  11:26  High Templar x3  
  176  11:27  High Templar  
  176  11:30  Archon x2  
  181  11:40  Zealot x2  
  181  11:41  Zealot x5  
  173  12:06  High Templar x5  
  173  12:07  Zealot x6  
Tags
 
Add a new tag
Caveats
  • Supply blocks, unpowered buildings, or Contaminate may cause inaccurate times.
  • Supply counts are checked every 10 seconds.